 Dungeon Crawl Stone Soup version 0.30-a0-42-g806c11bf1d (webtiles) character file.

Game seed: 8999502784109630432

16565 Newt the Slicer (level 12, -1/92 (97) HPs)
             Began as a Demonspawn Gladiator on Aug 30, 2022.
             Was an Elder of Dithmenos.
             Slain by a basilisk (7 damage)
             ... while petrified by a basilisk
             ... on level 2 of the Lair of Beasts.
             The game lasted 00:14:58 (15801 turns).

Newt the Slicer (Demonspawn Gladiator)             Turns: 15801, Time: 00:14:59

HP:   -1/92 (97)    AC:  7    Str: 17    XL:     12   Next: 11%
MP:   12/12         EV:  2    Int:  9    God:    Dithmenos [****..]
Gold: 614           SH:  0    Dex: 26    Spells: 11/11 levels left

rFire   . . .      SeeInvis .    M - +4 quick blade
rCold   . . .      Faith    .    A - +1 kite shield
rNeg    + + +      Spirit   .    b - +0 leather armour
rPois   ∞          Reflect  .    u - +1 helmet of Prudence {Contam Harm Dex+6}
rElec   .          Harm     +    v - +0 cloak
rCorr   .          Rampage  .    (gloves unavailable)
Will    .....                    H - +0 pair of boots
Stlth   ++++++++..               m - amulet of the acrobat
HPRegen 0.25/turn                G - ring of poison resistance
MPRegen 0.13/turn                D - +4 ring of slaying

@: agile, petrified, wreathed by umbra, drained
A: claws 3, thin skeletal structure 1, ignite blood 2, powered by pain 1
a: Renounce Religion, Shadow Step


You were on level 2 of the Lair of Beasts.
You worshipped Dithmenos.
Dithmenos was greatly pleased with you.
You visited 3 branches of the dungeon, and saw 12 of its levels.

You collected 690 gold pieces.
You spent 76 gold pieces at shops.

Inventory:

Hand Weapons
 a - a +1 rapier
 K - a +3 short sword of flaming
 L - a +3 dagger
 M - a +4 quick blade (weapon)
Missiles
 d - a throwing net (quivered)
 e - 3 javelins
 f - 18 poisoned darts
 I - 6 boomerangs
Armour
 b - a +0 leather armour (worn)
 c - a +0 helmet
 k - a +2 pair of gloves
 u - the +1 helmet of Prudence (worn) {Contam Harm Dex+6}
   (You took it off Robin on level 2 of the Dungeon)

   Dex:       It affects your dexterity (+6).
   Contam:    It causes magical contamination when unequipped.
   Harm:      It increases damage dealt and taken.
 v - a +0 cloak (worn)
 A - a +1 kite shield (worn)
 H - a +0 pair of boots (worn)
 P - a scarf of invisibility
Jewellery
 g - a ring of ice
 l - a ring of fire
 m - an amulet of the acrobat (around neck)
 D - a +4 ring of slaying (right claw)
 G - a ring of poison resistance (left claw)
 N - an amulet of magic regeneration
Wands
 y - a wand of acid (20)
 F - a wand of polymorph (11)
 O - a wand of flame (12)
Scrolls
 i - 10 scrolls of teleportation
 x - 4 scrolls of enchant weapon
 z - 3 scrolls of fear
 B - 6 scrolls of poison
 C - a scroll of magic mapping
 J - 2 scrolls of blinking
 Q - 2 scrolls of identify
 R - a scroll of acquirement
 S - a scroll of brand weapon
Potions
 h - 11 potions of curing
 j - 3 potions of degeneration
 n - 5 potions of might
 o - a potion of magic
 p - a potion of heal wounds
 q - 3 potions of lignification
 r - 3 potions of haste
 s - a potion of resistance {unknown}
 t - 3 potions of flight
 w - a potion of cancellation {unknown}
 E - a potion of ambrosia {unknown}


   Skills:
 - Level 10.0 Fighting
 - Level 10.0 Short Blades
 - Level 1.7 Throwing
 - Level 8.0 Dodging
 - Level 8.0 Stealth
 + Level 6.0 Shields
 - Level 5.0 Evocations


You had 11 spell levels left.
You didn't know any spells.
Your spell library contained the following spells:

 Spells                   Type           Power      Damage    Failure   Level
 Magic Dart               Conj           0%         1d3       80%         1
 Necrotise                Necr           0%         1d4       80%         1
 Sandblast                Erth           0%         2d4       80%         1
 Slow                     Hex            0%         N/A       80%         1
 Blink                    Tloc           0%         N/A       90%         2
 Call Imp                 Summ           0%         N/A       90%         2
 Passwall                 Tmut/Erth      0%         N/A       90%         2
 Static Discharge         Conj/Air       0%         3-3/arc   90%         2
 Confusing Touch          Hex            0%         N/A       99%         3
 Conjure Flame            Conj/Fire      0%         6-21      99%         3
 Ignite Poison            Fire/Tmut/Pois 0%         N/A       99%         3
 Mephitic Cloud           Conj/Pois/Air  0%         N/A       99%         3
 Stone Arrow              Conj/Erth      0%         3d7       99%         3
 Tukima's Dance           Hex            0%         N/A       99%         3
 Vampiric Draining        Necr           0%         2d6       99%         3
 Dispel Undead            Necr           0%         3d6       100%        4
 Passage of Golubria      Tloc           0%         N/A       100%        4
 Sticky Flame             Conj/Fire      0%         2d3       100%        4
 Summon Lightning Spire   Summ/Air       0%         N/A       100%        4
 Agony                    Necr           0%         N/A       100%        5
 Freezing Cloud           Conj/Ice/Air   0%         6-21      100%        5
 Manifold Assault         Tloc           0%         N/A       100%        5
 Yara's Violent Unravell  Hex/Tmut       0%         3d3       100%        5
 Simulacrum               Ice/Necr       0%         N/A       100%        6
 Storm Form               Tmut/Air       0%         N/A       100%        7
 Maxwell's Capacitive Co  Air            0%         ∞         100%        8
 Polar Vortex             Ice            0%         N/A       100%        9


Dungeon Overview and Level Annotations

Branches:
Dungeon (9/15)             Temple (1/1) D:4            Lair (2/5) D:8
  Swamp: Lair:2-3    Shoals: Lair:2-3     Snake: Lair:2-3    Spider: Lair:2-3
    Orc: D:9-12

Altars:
Dithmenos
Fedhas
Gozag
Hepliaklqana
Kikubaaqudgha
Makhleb
Nemelex Xobeh
Okawaru
Qazlal
Ru
Vehumet
Wu Jian
Xom
Yredelemnul

Shops:
D:1 *?(   D:5 *   D:6 *   D:7 ?


Innate Abilities, Weirdness & Mutations

You have claws for hands.
You have a somewhat thin skeletal structure. (Dex +2, Stealth+)
Your demonic aura often causes spilled blood to erupt in flames.
You sometimes gain a little power by taking damage.


Message History

You are slowing down.
The hell rat bites you!
You are too injured to fight recklessly!
Unknown command.
You hit the hell rat but do no damage.
The hell rat is almost dead.
Your shadow hits the hell rat with a quick blade.
You kill the hell rat!
Dithmenos accepts your kill. You block the hell rat's attack.
Unknown command.
You hit the hell rat.
The hell rat is moderately wounded.
The hell rat completely misses you.
Your limbs are stiffening.
You closely miss the hell rat.
The hell rat is moderately wounded.
You block the hell rat's attack.
You hit the hell rat but do no damage.
The hell rat is moderately wounded.
You block the hell rat's attack.
You have turned to stone.
The hell rat bites you. x2
The basilisk completely misses you. The hell rat bites you.
The basilisk bites you! The hell rat bites you. The basilisk bites you!
* * * LOW HITPOINT WARNING * * *
The hell rat bites you!
* * * LOW HITPOINT WARNING * * *
The hell rat barely misses you. The basilisk bites you!
* * * LOW HITPOINT WARNING * * *
The hell rat bites you!
* * * LOW HITPOINT WARNING * * *
The basilisk gazes at you. You resist with some effort.
The hell rat barely misses you. The basilisk bites you.
* * * LOW HITPOINT WARNING * * *
The hell rat bites you.
* * * LOW HITPOINT WARNING * * *
The basilisk bites you but does no damage.
The hell rat bites you. The basilisk bites you!
You die...

#...P# #...........
##.....##.#.P....#######
###P...........÷..#...#.#.
...........................
.....................<......
.............................
.[...........†...............
.............l...............
............@†........†......
............r................
..........................###
........†..†...............P.
...PP..†.....................
PP....††##..$................
.......P##...................
........##...................
.......###$.............#.#.#


You could see a basilisk and a hell rat.

Vanquished Creatures
  Fannar (Lair:1)
  A wolf spider (Lair:2)
  An ugly thing (D:9)
  3 black mambas
  3 cane toads
  A rime drake (Lair:1)
  A komodo dragon (Lair:1)
  3 hornets
  4 blink frogs (Lair:1)
  A slime creature (D:7)
  A shadow (D:9)
  Sigmund (D:6)
  A wraith (D:9)
  5 wyverns
  A hog (shapeshifter) (D:8)
  28 yaks
  A basilisk (Lair:1)
  Edmund (D:6)
  2 steam dragons
  3 water moccasins
  An acid dragon (D:6)
  Duvessa (D:5)
  6 black bears
  4 orc warriors
  5 wolves (Lair:1)
  2 ogres
  A phantom (D:6)
  4 centaurs
  A kobold brigand (D:9)
  Blork the orc (D:6)
  5 bullfrogs
  A gnoll sergeant (D:9)
  4 scorpions
  7 wights (D:8)
  Dowan (D:5)
  6 killer bees
  4 howler monkeys
  7 jellies (D:7)
  Crazy Yiuf (D:3)
  9 orc priests
  4 hounds
  Jessica (D:3)
  2 gnoll boudas (D:6)
  5 iguanas
  7 orc wizards
  5 hell rats (Lair:2)
  Robin (D:2)
  16 gnolls
  10 adders
  A shadow imp (D:8)
  An ufetubus (D:6)
  7 worms
  A dart slug (D:5)
  24 orcs
  3 ball pythons
  3 bats
  21 endoplasms
  A giant cockroach (D:2)
  15 goblins
  9 hobgoblins
  2 jackals (D:3)
  2 quokkas
  7 frilled lizards
  10 kobolds
  5 rats
297 creatures vanquished.

Vanquished Creatures (others)
  A gnoll (D:6)
  39 fungi
  64 plants
104 creatures vanquished.

Grand Total: 401 creatures vanquished

Notes
Turn   | Place    | Note
-------+----------+-------------------------------------------
     0 | D:1      | Newt the Demonspawn Gladiator began the quest for the Orb.
     0 | D:1      | Reached XP level 1. HP: 16/16 MP: 1/1
    37 | D:1      | Reached skill level 1 in Stealth
   587 | D:1      | Found a faded altar of an unknown god.
   654 | D:1      | Gained mutation: You have sharp fingernails. [demonic
                  | ancestry]
   654 | D:1      | Reached XP level 2. HP: 10/22 MP: 2/2
  1076 | D:1      | Found Dum Nupn's Magic Scroll Boutique.
  1084 | D:1      | Bought a scroll of identify for 24 gold pieces
  1084 | D:1      | Bought a scroll of identify for 24 gold pieces
  1110 | D:1      | Found Qaen's Weapon Emporium.
  1274 | D:1      | Found Pel Xotu's General Store.
  1973 | D:2      | HP: 1/23 [worm (4)]
  1983 | D:2      | Reached XP level 3. HP: 2/28 MP: 3/3
  2490 | D:2      | Identified the +1 helmet of Prudence {Contam Harm Dex+6}
  2490 | D:2      | Noticed Robin
  2797 | D:2      | Killed Robin
  3249 | D:2      | Reached XP level 4. HP: 37/37 MP: 4/4
  3751 | D:3      | Noticed Jessica
  3758 | D:3      | Killed Jessica
  3759 | D:3      | Gained mutation: You have a somewhat thin skeletal
                  | structure. (Dex +2, Stealth+) [demonic ancestry]
  3759 | D:3      | Reached XP level 5. HP: 37/42 MP: 5/5
  4095 | D:3      | Found a runed translucent door.
  4096 | D:3      | Noticed Crazy Yiuf
  4639 | D:3      | Killed Crazy Yiuf
  4883 | D:4      | Found a staircase to the Ecumenical Temple.
  5011 | Temple   | Entered the Ecumenical Temple
  5043 | Temple   | Became a worshipper of Dithmenos the Shadowed
  5222 | D:4      | Gained mutation: Your demonic aura sometimes causes spilled
                  | blood to erupt in flames. [demonic ancestry]
  5222 | D:4      | Reached XP level 6. HP: 38/48 MP: 6/6
  6068 | D:5      | Entered Level 5 of the Dungeon
  6129 | D:5      | Reached skill level 5 in Stealth
  6155 | D:5      | Gained mutation: You sometimes gain a little power by
                  | taking damage. [demonic ancestry]
  6155 | D:5      | Reached XP level 7. HP: 54/54 MP: 7/7
  6308 | D:5      | Found Puypufuu's General Store.
  6368 | D:5      | Reached skill level 5 in Short Blades
  6373 | D:5      | Reached * piety under Dithmenos
  6784 | D:5      | Noticed Dowan
  6785 | D:5      | Noticed Duvessa
  6791 | D:5      | Killed Dowan
  6792 | D:5      | Gained mutation: You have very sharp fingernails. [demonic
                  | ancestry]
  6792 | D:5      | Reached XP level 8. HP: 55/60 MP: 8/8
  6793 | D:5      | Killed Duvessa
  6897 | D:5      | Reached skill level 5 in Fighting
  7695 | D:6      | Found an opulent altar of Gozag.
  7695 | D:6      | Found Gozag's Platinum Reserve.
  7743 | D:6      | Gained mutation: Your demonic aura often causes spilled
                  | blood to erupt in flames. [demonic ancestry]
  7743 | D:6      | Reached XP level 9. HP: 11/69 MP: 9/9
  8851 | D:6      | Reached skill level 5 in Dodging
  9444 | D:6      | Noticed Blork the orc
  9445 | D:6      | Noticed Sigmund
  9453 | D:6      | Killed Blork the orc
  9457 | D:6      | Killed Sigmund
  9520 | D:6      | Noticed Edmund
  9523 | D:6      | Killed Edmund
  9876 | D:7      | Found Qufurahy's Magic Scroll Shop.
  9903 | D:7      | Bought a scroll of identify for 28 gold pieces
 10063 | D:7      | Reached skill level 1 in Evocations
 10090 | D:7      | Reached ** piety under Dithmenos
 10123 | D:7      | Gained mutation: You have claws for hands. [demonic
                  | ancestry]
 10123 | D:7      | Reached XP level 10. HP: 23/76 MP: 10/10
 11433 | D:8      | Reached skill level 5 in Evocations
 11545 | D:8      | Found a staircase to the Lair.
 11614 | D:8      | Noticed a fire crab
 11628 | D:8      | Noticed a harpy
 11628 | D:8      | a fire crab changed into a harpy
 11634 | D:8      | Noticed a salamander
 11634 | D:8      | a harpy changed into a salamander
 11641 | D:8      | Noticed a black mamba
 11641 | D:8      | a salamander changed into a black mamba
 11656 | D:8      | a black mamba changed into a blink frog
 11727 | D:8      | Identified the +8 broad axe "Vymeist" {spect, rPois rN+
                  | Str+3 Int+2}
 11798 | D:8      | Reached *** piety under Dithmenos
 11847 | D:8      | Identified a scroll of acquirement
 11847 | D:8      | Acquired a +4 quick blade
 12041 | D:8      | Found a blossoming altar of Fedhas.
 13191 | D:9      | Noticed a green ugly thing
 13200 | D:9      | Killed a green ugly thing
 13530 | Lair:1   | Entered Level 1 of the Lair of Beasts
 13540 | D:8      | Reached XP level 11. HP: 81/81 MP: 11/11
 13555 | Lair:1   | Reached skill level 10 in Short Blades
 14114 | Lair:1   | Reached **** piety under Dithmenos
 14635 | Lair:1   | Noticed Fannar
 14664 | Lair:1   | Killed Fannar
 14665 | Lair:1   | Reached skill level 10 in Fighting
 14665 | Lair:1   | Reached skill level 1 in Shields
 15513 | Lair:2   | Reached skill level 5 in Shields
 15620 | Lair:2   | Noticed a wolf spider
 15625 | Lair:2   | Killed a wolf spider
 15626 | Lair:2   | Reached XP level 12. HP: 73/97 MP: 12/12
 15801 | Lair:2   | Slain by a basilisk

Illustrated notes

Levels and vault maps discovered:
D:1:      dpeg_arrival_brainrot, layout_basic,
          hellmonk_ecumenical_altar_arch_garden, serial_shops,
          nicolae_shop_hallway_plus, shop, nicolae_shop_advertising_works
          [nicolae_subvault_shop_adworks]
D:2:      layout_basic, solitary_fountain, uniq_robin
D:3:      layout_loops_ring, uniq_crazy_yiuf_cottage, uniq_jessica
D:4:      layout_basic, minmay_temple_entry_water_ring, minmay_misc_feat_rugged
D:5:      layout_loops_ring, serial_shops, nicolae_diamond_shop, uniq_duvessa
D:6:      minmay_diamond_boxcup, layout_basic, nicolae_gozag_zags_fifth_avenue,
          sigmund_edmund_badplayer, uniq_blork_the_orc
D:7:      lemuel_slime, layout_basic, serial_shops, nicolae_shop_waterfront,
          kennysheep_path_1
D:8:      minmay_clustersquares, layout_loops_ring, fedhas_altar_fruit_tree,
          grunt_lair_entry_orc_guard_hut, hangedman_decor_riveting,
          minmay_misc_feat_alley, serial_park_tiny_pond, nicolae_titane
D:9:      layout_irregular_city
Temple:   nicolae_temple_bog_church
Lair:1:   layout_cave_pods, eino_small_chamber_without_monster, uniq_fannar
Lair:2:   minmay_lair_venomous_thicket, layout_regular_city, shoals_dummy_entry,
          kennysheep_rathole, serial_bayou_shore_a, lemuel_fruit_fields

Skill      XL: |  1  2  3  4  5  6  7  8  9 10 11 12 |
---------------+-------------------------------------+-----
Stealth        | 1 2 3 5 8 |  8.0
Fighting       | 3 4 6 10 | 10.0
Dodging        | 3 4 8 |  8.0
Short Blades   | 3 6 9 10 | 10.0
Evocations     | 2 5 |  5.0
Shields        | 5 6 |  6.0
Throwing       | |  1.7

Action                   |  1- 3 |  4- 6 |  7- 9 | 10-12 || total
-------------------------+-------+-------+-------+-------++-------
Melee: Rapier            |   144 |   124 |   174 |    30 ||   472
       Punch             |     2 |       |       |       ||     2
       Quick blade       |       |       |       |   361 ||   361
       Short sword       |       |       |       |    45 ||    45
Throw: Throwing net      |     3 |     1 |     3 |     1 ||     8
       Javelin           |     1 |     1 |     4 |     2 ||     8
  Use: Scroll            |     8 |     3 |     4 |     6 ||    21
 Stab: Held in net/web   |     3 |       |     3 |       ||     6
       Sleeping          |     5 |    11 |    13 |    16 ||    45
       Distracted        |       |       |     1 |     3 ||     4
Armor: Leather armour    |    21 |    26 |    35 |    23 ||   105
Dodge: Dodged            |    91 |    89 |   115 |   174 ||   469
Block: Kite shield       |       |       |    79 |   158 ||   237

Table legend: (Time is in decaauts)
 A = Elapsed time spent in this place.
 B = Non-inter-level travel time spent in this place.
 C = Inter-level travel time spent in this place.
 D = Time resting spent in this place.
 E = Time spent auto-exploring this place.
 F = Levels seen in this place.
 G = Mean time per level.
                   A        B        C        D        E       F      G
               +--------+--------+--------+--------+--------+-----+--------+
         Total |  15660 |  15125 |    535 |   4278 |   9058 |  12 | 1305.0 |
       Dungeon |  13481 |  12981 |    500 |   3574 |   7882 |   9 | 1497.9 |
        Temple |     41 |     24 |     17 |      0 |     18 |   1 |   41.0 |
          Lair |   2138 |   2121 |     17 |    704 |   1158 |   2 | 1069.0 |
               +--------+--------+--------+--------+--------+-----+--------+

Top non-repeatable levels by time:
     D:6: 2309 daAuts
     D:1: 2168 daAuts
  Lair:1: 1807 daAuts
     D:7: 1551 daAuts
     D:2: 1397 daAuts
     D:5: 1349 daAuts
     D:3: 1322 daAuts
     D:4: 1160 daAuts
     D:8: 1144 daAuts
     D:9: 1077 daAuts
  Lair:2: 330 daAuts
  Temple: 41 daAuts
